 Dungeon Crawl Stone Soup version 0.26-a0-597-gb535b0901c (webtiles) character file.

Game seed: 14958669714871650245

696 Lanoc the Slasher (level 7, -6/99 HPs)
             Began as a Naga Berserker on Aug 28, 2020.
             Was a Believer of Trog.
             Mangled by an iguana (11 damage)
             ... on level 4 of the Dungeon.
             The game lasted 00:04:16 (4063 turns).

Lanoc the Slasher (Naga Berserker)                  Turns: 4063, Time: 00:04:17

Health: -6/99      AC: 12    Str: 10    XL:     7   Next: 64%
Magic:  7/7        EV: 11    Int:  8    God:    Trog [**....]
Gold:   97         SH:  0    Dex: 12    Spells: 6/6 levels left

rFire    . . .     SeeInvis +   p - +8 morningstar "Peahoryn" {protect, rC+ rN+ Str-5 SInv}
rCold    + . .     Faith    +   (no shield)
rNeg     + . .     Spirit   .   b - +0 animal skin
rPois    +         Reflect  .   c - +1 helmet
rElec    .         Harm     .   (no cloak)
rCorr    .                      (no gloves)
MR       .....                  (no barding)
Stlth    ..........             o - amulet of faith
HPRegen  0.26/turn              h - -4 ring of strength (curse)
MPRegen  0.10/turn              (no ring)

@: berserking, protection aura, quick
A: large, see invisible, deformed body, poison resistance, slowness 2, spit
poison 1, AC +2
a: Spit Poison, Berserk, Trog's Hand, Renounce Religion


You were on level 4 of the Dungeon.
You worshipped Trog.
Trog was pleased with you.
You visited 1 branch of the dungeon, and saw 5 of its levels.

You collected 97 gold pieces.

Inventory:

Hand Weapons
 a - a +0 falchion
 p - the +8 morningstar "Peahoryn" (weapon) {protect, rC+ rN+ Str-5 SInv}
   (You found it on level 4 of the Dungeon)

   It grants its wielder temporary protection when it strikes (+7 to AC).
   It affects your strength (-5).
   It protects you from cold.
   It protects you from negative energy.
   It lets you see invisible.
Armour
 b - a +0 animal skin (worn)
 c - a +1 helmet (worn)
Jewellery
 h - a cursed -4 ring of strength (left hand)
 o - an amulet of faith (around neck)
Scrolls
 e - a scroll of enchant weapon {unknown}
 i - a scroll of amnesia {unknown}
 j - 2 scrolls of remove curse {unknown}
 k - a scroll of identify {unknown}
 n - a scroll of immolation {unknown}
Potions
 d - a potion of degeneration {unknown}
 f - 3 potions of curing {unknown}
 g - a potion of lignification {unknown}
 l - a potion of ambrosia {unknown}
 m - a potion of mutation {unknown}


   Skills:
 + Level 4.6 Fighting
 * Level 6.0 Long Blades
 + Level 3.3 Armour
 + Level 3.3 Dodging


You had 6 spell levels left.
You didn't know any spells.
Your spell library was empty.

Dungeon Overview and Level Annotations

Branches:
Dungeon (5/15)
 Temple: D:4-7

Altars:


Innate Abilities, Weirdness & Mutations

You cannot wear boots.
Your serpentine skin is tough. (AC +2)
You have supernaturally acute eyesight. (SInv)
Armour fits poorly on your strangely shaped body.
Your system is resistant to poisons. (rPois)
You cover ground very slowly.
You can spit poison.


Message History

There is a stone staircase leading down here.
A red film seems to cover your vision as you go berserk!
You feel yourself moving faster!
You feel mighty! The ufetubus barely misses you.
The ufetubus hits you but does no damage.
The quokka barely misses you. The iguana barely misses you.
The ufetubus hits you but does no damage.
The ufetubus barely misses you.
You sock the gnoll!
Your weapon exudes an aura of protection.
You kill the gnoll!
Trog accepts your kill.
Your Long Blades skill increases to level 6!
The quokka closely misses you.
The gnoll hits you from afar with a +0 halberd!
* * * LOW HITPOINT WARNING * * *
The ufetubus closely misses you.
The ufetubus hits you but does no damage.
The iguana bites you!
You die...

######## ##### #......# #...#
######## #......# #...#
#...##.. #......#
#...#####...##.. ######......#
#...........##.. #...........#
#...........##..
#.....))#######.........####..
#.....†.#####@lg........'.....
#...........5r).........###...
#######........####...........
#........'..'...........
#####........####...........
#............# #####...#.##
#.....######## #.#.#.##
#.....####### #.#.#.#.
#...........###### ##'#.....


You could see an iguana, a gnoll, an ufetubus and a quokka.

Vanquished Creatures
  2 ogres (D:4)
  A phantom (D:4)
  A bullfrog (D:3)
  A scorpion (D:4)
  4 orc wizards
  2 worker ants (D:4)
  6 adders
  6 gnolls
  A worm (D:4)
  2 dart slugs
  2 leopard geckos
  7 orcs
  A ball python (D:3)
  2 bats (D:3)
  2 giant cockroaches (D:3)
  5 goblins
  A hobgoblin (D:3)
  6 jackals
  A quokka (D:3)
  2 frilled lizards
  A jackal skeleton (D:4)
  3 kobolds
  6 rats
65 creatures vanquished.

Vanquished Creatures (others)
  A hobgoblin (D:3)
  A plant (D:1)
2 creatures vanquished.

Grand Total: 67 creatures vanquished

Notes
Turn   | Place    | Note
-------+----------+-------------------------------------------
     0 | D:1      | Lanoc the Naga Berserker began the quest for the Orb.
     0 | D:1      | Reached XP level 1. HP: 21/21 MP: 1/1
   186 | D:2      | Reached XP level 2. HP: 23/28 MP: 2/2
   273 | D:2      | Reached XP level 3. HP: 7/34 MP: 3/3
   284 | D:2      | HP: 1/34 [poisoned by an adder]
   895 | D:3      | Reached XP level 4. HP: 31/42 MP: 4/4
  1186 | D:3      | Reached skill level 4 in Long Blades
  1188 | D:3      | Reached XP level 5. HP: 49/49 MP: 5/5
  1190 | D:3      | Reached ** piety under Trog
  2172 | D:4      | Reached XP level 6. HP: 57/57 MP: 6/6
  2485 | D:4      | Noticed a phantom
  2821 | D:4      | Killed a phantom
  2821 | D:4      | Reached skill level 5 in Long Blades
  2961 | D:4      | Reached XP level 7. HP: 49/64 MP: 7/7
  3819 | D:4      | Got an ancient morningstar
  3820 | D:4      | Identified the +8 morningstar "Peahoryn" {protect, rC+ rN+
                  | Str-5 SInv} (You found it on level 4 of the Dungeon)
  4052 | D:5      | Entered Level 5 of the Dungeon
  4063 | D:4      | Reached skill level 6 in Long Blades
  4063 | D:4      | Mangled by an iguana

Illustrated notes

Levels and vault maps discovered:
D:1:      roderic_crop_circles_arrival_large, layout_basic
D:2:      layout_loops_corners
D:3:      layout_loops_corners
D:4:      layout_basic, interstate_on_off, hex_intersection
D:5:      layout_rooms

Skill      XL: |  1  2  3  4  5  6  7 |
---------------+----------------------+-----
Dodging        | 2 3 |  3.3
Armour         | 2 3 |  3.3
Long Blades    | 4 5 6 |  6.0
Fighting       | 4 |  4.6

Action                   |  1- 3 |  4- 6 |  7- 9 || total
-------------------------+-------+-------+-------++-------
Melee: Falchion          |    60 |   151 |    61 ||   272
       Morningstar       |       |       |     7 ||     7
Invok: Berserk           |     1 |     5 |     3 ||     9
       Trog's Hand       |       |     1 |       ||     1
 Abil: Spit Poison       |     2 |     2 |       ||     4
  Use: Scroll            |     2 |       |       ||     2
Armor: Animal skin       |    13 |    40 |    33 ||    86
Dodge: Dodged            |    35 |    83 |    63 ||   181
       Rpst.: Falchion   |     5 |    30 |    12 ||    47

Table legend: (Time is in decaauts)
 A = Elapsed time spent in this place.
 B = Non-inter-level travel time spent in this place.
 C = Inter-level travel time spent in this place.
 D = Time resting spent in this place.
 E = Time spent auto-exploring this place.
 F = Levels seen in this place.
 G = Mean time per level.
                   A        B        C        D        E       F      G
               +--------+--------+--------+--------+--------+-----+--------+
         Total |   4741 |   4631 |    110 |    563 |   3399 |   5 |  948.2 |
       Dungeon |   4741 |   4631 |    110 |    563 |   3399 |   5 |  948.2 |
               +--------+--------+--------+--------+--------+-----+--------+

Top non-repeatable levels by time:
     D:3: 2016 daAuts
     D:4: 1941 daAuts
     D:2: 580 daAuts
     D:1: 189 daAuts
     D:5: 11 daAuts
